AoeStats
← Michi3052

Arabia

506260525Analyzed
1v1 RM · 21d ago on Sep 12, 2026· 51m 19s· 2 players
Game mode
Random Map
Map size
Tiny (2 player)
Population
200
Speed
Normal
Resources
Standard
Victory
Conquest
Starting age
Dark Age
Ending age
Imperial Age
RankedLock teamsTeams togetherTeam positionsShared explorationLock speedFull tech treeHidden civsTurbo modeCheats
Victory
Defeat
🇪🇸 Japanese · Spain
745
+17
🇦🇷 Vikings · Argentina
769
-17
Michi3052
11:20 Feudal Age
12:12 Double-Bit Axe
12:24 Man-at-Arms
17:39 Wheelbarrow
22:02 Castle Age
20:38 Horse Collar
20:59 Stone Mining
23:07 Gambesons
24:06 Loom
24:04 Crossbowman
24:09 Long Swordsman
29:14 Fletching
32:50 Pikeman
33:31 Squires
35:21 Heavy Plow
38:45 Scale Mail Armor
38:56 Forging
40:36 Hand Cart
40:57 Town Watch
42:24 Iron Casting
42:18 Gold Mining
46:45 Imperial Age
46:51 Imperial Age
46:53 Gold Shaft Mining
46:31 Bow Saw
48:05 Conscription
48:36 Chain Mail Armor
49:22 Blast Furnace
48:19 Bodkin Arrow
48:25 Padded Archer Armor
49:14 Kataparuto
50:15 Elite Samurai
ELmasi
10:51 Feudal Age
11:48 Horse Collar
11:56 Double-Bit Axe
13:54 Loom
18:52 Man-at-Arms
27:22 Castle Age
25:50 Scale Mail Armor
26:00 Forging
27:18 Forging
29:14 Gold Mining
29:38 Long Swordsman
30:03 Gambesons
32:14 Iron Casting
34:18 Bow Saw
34:14 Heavy Plow
35:40 Gold Shaft Mining
40:06 Town Watch
41:59 Chieftains
43:41 Chain Mail Armor
51:23 Squires
Connection lost

Rejoining the realm…

Still unreachable

The connection could not be restored.

Session expired

The server has moved on; the page needs a fresh start.